 Dungeon Crawl Stone Soup version 0.31.0-1-g2c135a0 (webtiles) character file.

Game seed: 9838547570518456505

144 jagoly the Magician (level 5, -1/37 HPs)
             Began as a Djinni Earth Elementalist on Jan 29, 2024.
             Slain by an orc
             ... wielding a +0 trident
              (7 damage)
             ... on level 3 of the Dungeon.
             The game lasted 00:08:21 (494 turns).

jagoly the Magician (Djinni Earth Elementalist)      Turns: 494, Time: 00:08:21

Health: -1/37      AC:  5    Str:  7    XL:     5   Next: 51%
Gold:   40         EV: 12    Int: 19    God:
                   SH:  0    Dex: 19

rFire   + + +        g - +8 hand axe "Jykofiri" {holy, rF+ Will+ rCorr}
rCold   x . .        (no shield)
rNeg    . . .        a - +0 robe
rPois   ∞            h - +2 helmet "Utoovus" {Dex+6}
rElec   .            (no cloak)
rCorr   +            (no gloves)
SInv    .            (boots unavailable)
Will    +....        (no amulet)
Stlth   ++           (no ring)
HPRegen 0.26/turn    (no ring)
MPRegen 0.00/turn

%: infuse magic (-2 HP)
@: flying
A: sickness immunity, fire resistance 2, cold vulnerability 1, float, innate
caster, HP casting, extra vitality 1
a: no special abilities


You were on level 3 of the Dungeon.
You visited 1 branch of the dungeon, and saw 3 of its levels.

You collected 40 gold pieces.

Inventory:

Hand Weapons
 b - a +0 sling
 e - a +1 mace of protection
 g - the +8 hand axe "Jykofiri" (weapon) {holy, rF+ Will+ rCorr}
   (You found it on level 2 of the Dungeon)

   rF+:       It protects you from fire.
   Will+:     It increases your willpower.
   rCorr:     It protects you from acid and corrosion.
Armour
 a - a +0 robe (worn)
 h - the +2 helmet "Utoovus" (worn) {Dex+6}
   (You found it on level 2 of the Dungeon)

   Dex+6:     It affects your dexterity (+6).
Scrolls
 i - a scroll of vulnerability {unknown}
 j - a scroll of noise {unknown}
 k - a scroll of poison {unknown}
Potions
 c - a potion of enlightenment {unknown}
 d - 2 potions of haste {unknown}
 f - a potion of degeneration {unknown}


   Skills:
 + Level 1.6 Fighting
 - Level 2.1 Dodging
 - Level 2.0 Stealth
 * Level 4.5 Spellcasting
 * Level 4.5 Conjurations
 * Level 4.5 Hexes
   Level 0.0 Charms
 * Level 4.5 Summonings
 * Level 4.5 Necromancy
 * Level 4.5 Translocations
   Level 0.0 Transmutations
 * Level 4.5 Fire Magic
 * Level 4.5 Ice Magic
 * Level 4.5 Air Magic
 * Level 4.5 Earth Magic
 * Level 4.5 Alchemy


You knew the following spells:

 Your Spells              Type           Power      Damage    Failure   Level
a - Sandblast             Erth           42%        2d11      1%          1
b - Passwall              Erth           21%        N/A       6%          3
c - Stone Arrow           Conj/Erth      42%        3d9       6%          3
d - Petrify               Alch/Erth      21%        N/A       21%         4
e - Brom's Barrelling Bo  Conj/Erth      21%        2d4       21%         4
f - Slow                  Hex            84%        N/A       1%          1
X - Static Discharge      Conj/Air       42%        3-5/arc   3%          2
Your spell library was empty.

Dungeon Overview and Level Annotations

Branches:
Dungeon (3/15) Zot: 17475

Altars:


Innate Abilities, Weirdness & Mutations

You are immune to sickness and miasma.
You are immune to poison.
Your flesh is very heat resistant. (rF++)
You are vulnerable to cold. (rC-)
You float through the air rather than walking.
You learn spells naturally, not from books.
Your magical power is your life essence.
You have superior vitality. (+4 MHP)


Message History

There is an open door here.
Cast which spell? (? or * to list)
Aiming: Sandblast (safe; 3% risk of failure)
Press: ? - help, Shift-Dir - straight line, f - quokka
Aim: a quokka (75% to hit)
The blast of sand hits the quokka.
The quokka is severely wounded.
The quokka barely misses you. The quokka bites you.
Cast which spell? (? or * to list)
Aiming: Sandblast (safe; 3% risk of failure)
Press: ? - help, Shift-Dir - straight line, f/p - quokka
Aim: a quokka (severely wounded, 75% to hit)
The blast of sand hits the quokka.
You kill the quokka!
There is a stone staircase leading down here.
You fly downwards.
There is a stone staircase leading up here.
Found 12 gold pieces.
You see here the +2 helmet "Utoovus" {Dex+6}.
Okay, then.
HP restored.
You start putting on your armour.
You continue putting on the +2 helmet "Utoovus" {Dex+6}. x4
You finish putting on the +2 helmet "Utoovus" {Dex+6}.
You feel agile.
Found a leather armour.
A ball python comes into view.
Found a scroll labelled XAITUORECH.
You see here 12 gold pieces.
You now have 29 gold pieces (gained 12).
Found a scale mail.
Cast which spell? (? or * to list)
Aiming: Sandblast (safe; 3% risk of failure)
Press: ? - help, Shift-Dir - straight line, f - ball python
Aim: a ball python (asleep, 100% to hit)
The blast of sand hits the ball python!
You kill the ball python!
A hobgoblin comes into view.
It is wielding a +0 short sword. 2 jackals come into view.
The jackal barks!
A jackal comes into view.
You see here a scroll labelled XAITUORECH.
i - a scroll labelled XAITUORECH A jackal comes into view.
Cast which spell? (? or * to list)
Aiming: Sandblast (safe; 3% risk of failure)
Press: ? - help, Shift-Dir - straight line, f - jackal
Aim: a jackal (77% to hit)
The blast of sand hits the jackal!
You kill the jackal!
The jackal barks!
A bat comes into view.
Cast which spell? (? or * to list)
Aiming: Sandblast (safe; 3% risk of failure)
Press: ? - help, Shift-Dir - straight line, f - jackal
Aim: a jackal (77% to hit)
The blast of sand hits the jackal.
The jackal is severely wounded.
The jackal barks!
A hobgoblin comes into view.
The bat barely misses you.
Cast which spell? (? or * to list)
Aiming: Sandblast (safe; 3% risk of failure)
Press: ? - help, Shift-Dir - straight line, f/p - jackal
Aim: a jackal (heavily wounded, 77% to hit)
The blast of sand hits the jackal.
You kill the jackal!
The hobgoblin shouts!
The bat closely misses you. The jackal closely misses you.
An adder comes into view.
Cast which spell? (? or * to list)
Aiming: Sandblast (safe; 3% risk of failure)
Press: ? - help, Shift-Dir - straight line, f - bat
Aim: a bat (73% to hit)
The blast of sand hits the bat!
You kill the bat!
The adder hisses angrily.
The jackal bites you but does no damage.
The jackal completely misses you. The jackal bites you.
Cast which spell? (? or * to list)
Aiming: Sandblast (safe; 3% risk of failure)
Press: ? - help, Shift-Dir - straight line, f - jackal
Aim: a jackal (77% to hit)
The blast of sand misses the jackal.
The jackal bites you but does no damage.
The jackal bites you. The jackal barely misses you. x3
Cast which spell? (? or * to list)
Aiming: Sandblast (safe; 3% risk of failure)
Press: ? - help, Shift-Dir - straight line, f/p - jackal
Aim: a jackal (77% to hit)
The blast of sand hits the jackal!
You kill the jackal!
The jackal closely misses you. The jackal misses you.
Cast which spell? (? or * to list)
Aiming: Sandblast (safe; 3% risk of failure)
Press: ? - help, Shift-Dir - straight line The blast of sand hits the adder.
The adder is heavily wounded.
The jackal bites you. The adder barely misses you. The jackal misses you.
The adder bites you.
Cast which spell? (? or * to list)
Aiming: Sandblast (safe; 3% risk of failure)
Press: ? - help, Shift-Dir - straight line The blast of sand hits the adder!
You kill the adder!
The jackal closely misses you. The jackal barely misses you.
The hobgoblin barely misses you. The jackal barely misses you.
Cast which spell? (? or * to list)
Aiming: Sandblast (safe; 3% risk of failure)
Press: ? - help, Shift-Dir - straight line The blast of sand hits the hobgoblin.
You kill the hobgoblin!
* * * LOW HITPOINT WARNING * * *
The jackal barely misses you.
The jackal bites you but does no damage.
Cast which spell? (? or * to list)
Aiming: Sandblast (safe; 3% risk of failure)
Press: ? - help, Shift-Dir - straight line, f - jackal
Aim: a jackal (77% to hit)
The blast of sand hits the jackal!
You kill the jackal!
The hobgoblin shouts!
* * * LOW HITPOINT WARNING * * *
Cast which spell? (? or * to list)
Aiming: Sandblast (safe; 3% risk of failure)
Press: ? - help, Shift-Dir - straight line, f - hobgoblin
Aim: a hobgoblin, wielding a +0 short sword and wearing a +0 robe (82% to hit)
The blast of sand hits the hobgoblin.
The hobgoblin is almost dead.
* * * LOW HITPOINT WARNING * * *
Cast which spell? (? or * to list)
Aiming: Sandblast (safe; 3% risk of failure)
Press: ? - help, Shift-Dir - straight line, f/p - hobgoblin
Aim: a hobgoblin, wielding a +0 short sword and wearing a +0 robe (almost dead, 82% to hit)
The blast of sand misses the hobgoblin.
* * * LOW HITPOINT WARNING * * *
The hobgoblin closely misses you. The hobgoblin barely misses you.
Cast which spell? (? or * to list)
Aiming: Sandblast (safe; 3% risk of failure)
Press: ? - help, Shift-Dir - straight line, f/p - hobgoblin
Aim: a hobgoblin, wielding a +0 short sword and wearing a +0 robe (almost dead, 82% to hit)
The blast of sand hits the hobgoblin.
You kill the hobgoblin!
* * * LOW HITPOINT WARNING * * *
A rat comes into view.
A frilled lizard comes into view.
The rat moves out of view.
A quokka comes into view.
Cast which spell? (? or * to list)
Aiming: Sandblast (safe; 3% risk of failure)
Press: ? - help, Shift-Dir - straight line, f - rat
Aim: a rat (wandering, hasn't noticed you, 82% to hit)
The blast of sand hits the rat!
You kill the rat!
* * * LOW HITPOINT WARNING * * *
Cast which spell? (? or * to list)
Aiming: Sandblast (safe; 3% risk of failure)
Press: ? - help, Shift-Dir - straight line, f - quokka
Aim: a quokka (75% to hit)
The blast of sand hits the quokka!
You kill the quokka!
* * * LOW HITPOINT WARNING * * *
Training target 4.0 for Spellcasting reached!
Your Spellcasting skill increases to level 4!
Your Conjurations skill increases to level 4!
Your Hexes skill increases to level 4!
Your Summonings skill increases to level 4!
Your Necromancy skill increases to level 4!
Your Translocations skill increases to level 4!
Your Fire Magic skill increases to level 4!
Your Ice Magic skill increases to level 4!
Your Air Magic skill increases to level 4!
Your Earth Magic skill increases to level 4!
Your Alchemy skill increases to level 4!
You need to enable at least one skill for training.
Found a stone staircase leading down.
You see here a rat corpse. 3 gnolls come into view.
The gnoll shouts! x3
You see here a rat corpse.
A gnoll comes into view. It is wielding a +0 spear.
An endoplasm comes into view.
The gnoll attacks as it pursues you! The gnoll closely misses you.
The endoplasm quivers.
The gnoll attacks as it pursues you! The gnoll misses you.
There is an open door here.
You see here a +0 dagger.
Cast which spell? (? or * to list)
Aiming: Sandblast (safe; 2% risk of failure)
Press: ? - help, Shift-Dir - straight line, f - endoplasm
Aim: an endoplasm (98% to hit)
The blast of sand hits the gnoll!
The gnoll is heavily wounded.
The gnoll hits you with a +0 flail.
Cast which spell? (? or * to list)
Aiming: Sandblast (safe; 2% risk of failure)
Press: ? - help, Shift-Dir - straight line, f - gnoll, p - endoplasm
Aim: a gnoll, wielding a +0 spear (84% to hit)
The blast of sand hits the gnoll!
You kill the gnoll!
You have reached level 4!
You feel clever.
Cast which spell? (? or * to list)
Aiming: Sandblast (safe; 2% risk of failure)
Press: ? - help, Shift-Dir - straight line, f - gnoll, p - gnoll
Aim: a gnoll, wielding a +0 spear (84% to hit)
The blast of sand hits the endoplasm!
You kill the endoplasm!
The gnoll hits you from afar with a +0 spear.
* * * LOW HITPOINT WARNING * * *
Cast which spell? (? or * to list)
Aiming: Sandblast (safe; 2% risk of failure)
Press: ? - help, Shift-Dir - straight line, f/p - gnoll
Aim: a gnoll, wielding a +0 spear (84% to hit)
The blast of sand hits the gnoll!
The gnoll is severely wounded.
The frilled lizard hisses angrily.
* * * LOW HITPOINT WARNING * * *
The gnoll hits you from afar with a +0 spear.
* * * LOW HITPOINT WARNING * * *
Cast which spell? (? or * to list)
Aiming: Sandblast (safe; 2% risk of failure)
Press: ? - help, Shift-Dir - straight line, f/p - gnoll
Aim: a gnoll, wielding a +0 spear (84% to hit)
The blast of sand hits the gnoll!
You kill the gnoll!
* * * LOW HITPOINT WARNING * * *
The gnoll hits you from afar with a +0 spear.
* * * LOW HITPOINT WARNING * * *
Cast which spell? (? or * to list)
Aiming: Sandblast (safe; 2% risk of failure)
Press: ? - help, Shift-Dir - straight line, f/p - gnoll
Aim: a gnoll, wielding a +0 spear (84% to hit)
The blast of sand hits the gnoll!
You kill the gnoll!
* * * LOW HITPOINT WARNING * * *
Cast which spell? (? or * to list)
Aiming: Sandblast (safe; 2% risk of failure)
Press: ? - help, Shift-Dir - straight line, f - frilled lizard
Aim: a frilled lizard (72% to hit)
The blast of sand misses the frilled lizard.
* * * LOW HITPOINT WARNING * * *
The frilled lizard misses you.
You are too injured to fight recklessly!
You are too injured to fight recklessly!
Cleave: g) +8 hand axe "Jykofiri" {holy, rF+ Will+ rCorr}
Press: ? - help, Dir - move target, f/p - frilled lizard
Aim: a frilled lizard (about 44% to evade the +8 hand axe "Jykofiri")
You slash the frilled lizard!
You kill the frilled lizard!
Things that are here:
a +0 flail; a gnoll corpse
Found a scroll labelled KOIMU SOMIO.
Cast which spell? (? or * to list)
Aiming: Sandblast (safe; 2% risk of failure)
Press: ? - help, Shift-Dir - straight line, f - gnoll
Aim: a gnoll, wielding a +0 flail (85% to hit)
The blast of sand hits the gnoll!
The gnoll is heavily wounded.
* * * LOW HITPOINT WARNING * * *
Cast which spell? (? or * to list)
Aiming: Sandblast (safe; 2% risk of failure)
Press: ? - help, Shift-Dir - straight line, f/p - gnoll
Aim: a gnoll, wielding a +0 flail (heavily wounded, 85% to hit)
The blast of sand hits the gnoll.
The gnoll is almost dead.
* * * LOW HITPOINT WARNING * * *
Cleave: g) +8 hand axe "Jykofiri" {holy, rF+ Will+ rCorr}
Press: ? - help, Dir - move target, f/p - gnoll
Aim: a gnoll, wielding a +0 flail (almost dead, about 27% to evade the +8 hand axe "Jykofiri")
You hit the gnoll but do no damage.
The gnoll is almost dead.
The gnoll hits you with a +0 flail.
* * * LOW HITPOINT WARNING * * *
You are flying.
Your flying speed is average.
Your attack delay is about 1.3.
Your damage rating with the +8 hand axe "Jykofiri" {holy, rF+ Will+ rCorr} is about 14 (Base 7 x 92% (Str) x 101% (Skill) + 8 (Ench)).
Your base attributes are Str 7, Int 19, Dex 13.
Unknown command.
Cleave: g) +8 hand axe "Jykofiri" {holy, rF+ Will+ rCorr}
Press: ? - help, Dir - move target, f/p - gnoll
Aim: a gnoll, wielding a +0 flail (almost dead, about 27% to evade the +8 hand axe "Jykofiri")
You hit the gnoll.
You kill the gnoll!
Your Fighting skill increases to level 1!
Found a whip.
j - a scroll labelled KOIMU SOMIO
There is a stone staircase leading down here.
Found a short sword.
A ball python comes into view.
A rat comes into view.
The rat squeaks loudly.
You slash the ball python!
You kill the ball python!
You slash the rat!
You kill the rat!
Found a stone staircase leading up.
There is a stone staircase leading up here.
You fly upwards.
There is a stone staircase leading down here.
A rat comes into view.
A rat comes into view.
The rat squeaks loudly.
The rat squeaks loudly.
You hit the rat.
The rat is moderately wounded.
You hit the rat.
You kill the rat!
The rat misses you.
You hit the rat.
You kill the rat!
You see here a rat corpse.
A bat comes into view.
The bat moves out of view.
A bat is nearby!
You hit the bat.
You kill the bat!
A bat comes into view.
The bat barely misses you. The bat hits you but does no damage.
The bat barely misses you.
You barely miss the bat. The bat barely misses you.
The bat hits you but does no damage.
You hit the bat.
You kill the bat!
You reach down and open the door.
A dart slug comes into view.
Found an escape hatch in the floor.
There is an open door here.
Cast which spell? (? or * to list)
Aiming: Sandblast (safe; 2% risk of failure)
Press: ? - help, Shift-Dir - straight line, f - dart slug
Aim: a dart slug (asleep, 100% to hit)
The blast of sand hits the dart slug!
You kill the dart slug!
You reach down and open the door.
There is an open door here.
There is an escape hatch in the floor here.
You fly downwards.
The hatch slams shut behind you.
There is a stone staircase leading down here.
You fly downwards.
The orc shouts! x3
Found a flux talisman, 11 gold pieces and a scroll labelled CEZXENA HINA.
There is a stone staircase leading up here.
The orc barely misses you. The orc hits you but does no damage.
You fly upwards.
There is a stone staircase leading down here.
Cleave: g) +8 hand axe "Jykofiri" {holy, rF+ Will+ rCorr}
Press: ? - help, Dir - move target, f - orc
Aim: an orc, wielding a +0 whip and wearing a +0 scale mail (about 27% to evade the +8 hand axe "Jykofiri")
You closely miss the orc. You slash the orc!
You kill the orc!
The orc hits you with a +0 whip.
You have reached level 5!
The power to cast Static Discharge wells up from within.
Spell assigned to 'g'.
Adjust (i)tems, (s)pells, or (a)bilities?
Adjust which spell? g - Static Discharge Adjust to which letter?
X - Static Discharge Cleave: g) +8 hand axe "Jykofiri" {holy, rF+ Will+ rCorr}
Press: ? - help, Dir - move target, f/p - orc
Aim: an orc, wielding a +0 whip and wearing a +0 scale mail (about 27% to evade the +8 hand axe "Jykofiri")
You slash the orc!
You kill the orc!
You fly downwards.
The adder bites you but does no damage. The orc misses you.
The orc closely misses you. The adder completely misses you.
There is a stone staircase leading up here.
Cast which spell? (? or * to list)
The adder is struck by an arc of lightning.
The adder is heavily wounded.
The orc is struck by an arc of lightning.
The orc is heavily wounded.
The lightning grounds out.
The orc barely misses you. The orc misses you. The adder closely misses you.
Cast which spell? (? or * to list)
The orc is struck by an arc of lightning.
The orc is severely wounded.
You are struck by an arc of lightning.
The adder is struck by an arc of lightning.
The adder is almost dead.
You are struck by an arc of lightning.
The orc is struck by an arc of lightning.
The orc is moderately wounded.
The adder is struck by an arc of lightning.
You kill the adder!
The lightning grounds out.
The orc is struck by an arc of lightning.
You kill the orc!
You are struck by an arc of lightning.
The orc is struck by an arc of lightning.
You kill the orc!
The lightning grounds out.
The orc barely misses you.
Cleave: g) +8 hand axe "Jykofiri" {holy, rF+ Will+ rCorr}
Press: ? - help, Dir - move target, f - orc
Aim: an orc, wielding a +0 flail and wearing a +0 ring mail (moderately wounded, about 27% to evade the +8 hand axe "Jykofiri")
You closely miss the orc.
The orc is moderately wounded.
The orc barely misses you. The orc misses you.
Cleave: g) +8 hand axe "Jykofiri" {holy, rF+ Will+ rCorr}
Press: ? - help, Dir - move target, f/p - orc
Aim: an orc, wielding a +0 flail and wearing a +0 ring mail (moderately wounded, about 27% to evade the +8 hand axe "Jykofiri")
You barely miss the orc.
The orc is moderately wounded.
The orc barely misses you.
Cleave: g) +8 hand axe "Jykofiri" {holy, rF+ Will+ rCorr}
Press: ? - help, Dir - move target, f/p - orc
Aim: an orc, wielding a +0 flail and wearing a +0 ring mail (moderately wounded, about 27% to evade the +8 hand axe "Jykofiri")
You hit the orc.
The orc is heavily wounded.
The orc barely misses you.
Cleave: g) +8 hand axe "Jykofiri" {holy, rF+ Will+ rCorr}
Press: ? - help, Dir - move target, f/p - orc
Aim: an orc, wielding a +0 flail and wearing a +0 ring mail (heavily wounded, about 27% to evade the +8 hand axe "Jykofiri")
You slash the orc!
You kill the orc!
Press: ? - help, v - describe, . - travel, g - get item Item here: 11 gold pieces.
The floor.
Unknown command.
k - a scroll labelled CEZXENA HINA A giant cockroach and an orc come into view.
You see here 11 gold pieces.
You now have 40 gold pieces (gained 11).
An orc comes into view. It is wielding a +0 trident.
Found a buckler.
The orc shouts! x2; You hear a shout!
The giant cockroach barely misses you.
An orc wizard comes into view. It is wielding a +0 dagger.
You hear a shout!
You slash the giant cockroach!
You kill the giant cockroach!
Cast which spell? (? or * to list)
Aiming: Sandblast (safe; 2% risk of failure)
Press: ? - help, Shift-Dir - straight line, f - orc wizard
Aim: an orc wizard, wielding a +0 dagger and wearing a +0 robe (79% to hit)
The blast of sand hits the orc wizard!
The orc wizard is heavily wounded.
An orc comes into view. It is wielding a +0 hand axe.
You see here a flux talisman.
Things that are here:
a +0 flail; a +0 ring mail
There is a stone staircase leading up here.
Cast which spell? (? or * to list)
Aiming: Sandblast (safe; 2% risk of failure)
Press: ? - help, Shift-Dir - straight line, f/p - orc wizard
Aim: an orc wizard, wielding a +0 dagger and wearing a +0 robe (heavily wounded, 79% to hit)
The blast of sand misses the orc wizard.
The orc wizard gestures at you while chanting.
The magic dart hits you!
Cast which spell? (? or * to list)
Aiming: Sandblast (safe; 2% risk of failure)
Press: ? - help, Shift-Dir - straight line, f - orc, p - orc wizard
Aim: an orc, wielding a +3 flail (83% to hit)
The blast of sand hits the orc wizard!
The orc wizard is almost dead.
The orc closely misses you.
Cast which spell? (? or * to list)
The orc wizard is struck by an arc of lightning.
You kill the orc wizard!
The orc is struck by an arc of lightning.
The orc is heavily wounded.
You are struck by an arc of lightning.
* * * LOW HITPOINT WARNING * * *
The orc is struck by an arc of lightning.
You kill the orc!
The lightning grounds out.
* * * LOW HITPOINT WARNING * * *
The orc hits you from afar with a +0 trident.
* * * LOW HITPOINT WARNING * * *
The orc hits you with a +3 flail.
* * * LOW HITPOINT WARNING * * *
Okay, then.
Press: ? - help, v - describe, . - travel, g - get item
Here: an orc, wielding a +3 flail
Items here: a +0 club; an orc corpse.
The floor.
You aren't carrying any items that you can evoke.
You have nothing you can fire or use right now.
Okay, then.
Okay, then.
Press: ? - help, v - describe, . - travel, g - get item
Here: an orc, wielding a +3 flail
Items here: a +0 club; an orc corpse.
The floor.
You are flying.
Your flying speed is average.
Your attack delay is about 1.3.
Your damage rating with the +8 hand axe "Jykofiri" {holy, rF+ Will+ rCorr} is about 14 (Base 7 x 92% (Str) x 102% (Skill) + 8 (Ench)).
Your base attributes are Str 7, Int 19, Dex 13.
Unknown command.
Unknown command.
Cleave: g) +8 hand axe "Jykofiri" {holy, rF+ Will+ rCorr}
Press: ? - help, Dir - move target, f/p - orc
Aim: an orc, wielding a +3 flail (about 30% to evade the +8 hand axe "Jykofiri")
Okay, then.
Unknown command.
Cleave: g) +8 hand axe "Jykofiri" {holy, rF+ Will+ rCorr}
Press: ? - help, Dir - move target, f/p - orc
Aim: an orc, wielding a +3 flail (about 30% to evade the +8 hand axe "Jykofiri")
You completely miss the orc.
The orc hits you from afar with a +0 trident!
You die...

#################
#......##......[..
#......##.........
#......##.........
#..†oo%##.........
#.)@)............
#...)............
###........†####
#.........#
#.........#
#.........#
#.........#
#.........#
###########


You could see 2 orcs.

Vanquished Creatures
  An orc wizard (D:3)
  4 gnolls (D:2)
  3 adders
  A dart slug (D:1)
  6 orcs
  3 endoplasms
  A giant cockroach (D:3)
  4 goblins
  2 hobgoblins (D:2)
  6 jackals
  2 quokkas
  2 ball pythons (D:2)
  4 bats
  2 frilled lizards (D:2)
  A kobold (D:1)
  5 rats
47 creatures vanquished.

Notes
Turn   | Place    | Note
-------+----------+-------------------------------------------
     0 | D:1      | jagoly the Djinni Earth Elementalist began the quest for
                  | the Orb.
     0 | D:1      | jagoly set off with the following spells memorised:
                  | Sandblast, Passwall, Stone Arrow, Petrify, Brom's
                  | Barrelling Boulder.
     0 | D:1      | Reached XP level 1. HP: 15/15 MP: 0/0
    65 | D:3      | Reached XP level 2. HP: 19/21 MP: 0/0
    94 | D:2      | Identified the +8 hand axe "Jykofiri" {holy, rF+ Will+
                  | rCorr}
   131 | D:1      | Reached XP level 3. HP: 22/25 MP: 0/0
   131 | D:1      | Learned a level 1 spell: Slow
   176 | D:2      | Identified the +2 helmet "Utoovus" {Dex+6}
   266 | D:2      | Reached XP level 4. HP: 17/31 MP: 0/0
   285 | D:2      | Reached skill level 1 in Fighting
   462 | D:2      | Reached XP level 5. HP: 34/37 MP: 0/0
   462 | D:2      | Learned a level 2 spell: Static Discharge
   494 | D:3      | Slain by an orc

Illustrated notes

Levels and vault maps discovered:
D:1:      tarquinn_simple_flora_water_b, layout_loops_corners
D:2:      minmay_spotlight, layout_basic, chequers_serial_rivers_small_a,
          minmay_misc_feat_plants
D:3:      layout_basic, ebering_ecumenical_altar_box, serial_shops, shop,
          interstate_on_off

Skill      XL: |  1  2  3  4 |
---------------+-------------+-----
Stealth        | 2 |  2.0
Spellcasting   | 4 |  4.5
Conjurations   | 4 |  4.5
Hexes          | 4 |  4.5
Summonings     | 4 |  4.5
Necromancy     | 4 |  4.5
Translocations | 4 |  4.5
Fire Magic     | 4 |  4.5
Ice Magic      | 4 |  4.5
Air Magic      | 4 |  4.5
Earth Magic    | 4 |  4.5
Alchemy        | 4 |  4.5
Fighting       | 1 |  1.6
Dodging        | |  2.1

Action                     |  1- 3 |  4- 6 || total
---------------------------+-------+-------++-------
  Melee: Hand axe          |       |    18 ||    18
   Cast: Sandblast         |    38 |    11 ||    49
         Static Discharge  |       |     3 ||     3
 Armour: Robe              |    12 |    17 ||    29
  Dodge: Dodged            |    30 |    19 ||    49
